 Dungeon Crawl Stone Soup version 0.26-a0-663-g36e8fdb655 (webtiles) character file.

Game seed: 3749733647854832168

10360 corevian the Severer (level 11, -7/104 HPs)
             Began as a Minotaur Fighter on Oct 11, 2020.
             Was a High Priest of Okawaru.
             Mangled by a large abomination (25 damage)
             ... on level 2 of the Abyss.
             The game lasted 00:19:44 (11691 turns).

corevian the Severer (Minotaur Fighter)            Turns: 11691, Time: 00:19:44

Health: -7/104     AC: 13    Str: 25    XL:     11   Next: 35%
Magic:  0/10       EV: 11    Int:  5    God:    Okawaru [*****.]
Gold:   553        SH:  0    Dex:  9    Spells: 10/10 levels left

rFire    . . .     SeeInvis .   D - +2 battleaxe (elec)
rCold    . . .     Faith    .   (shield currently unavailable)
rNeg     . . .     Spirit   +   l - +3 scale mail {MR+}
rPois    .         Reflect  .   (helmet restricted)
rElec    .         Harm     .   (no cloak)
rCorr    .         Rampage  .   (no gloves)
MR       +....                  h - +2 pair of boots
Stlth    ..........             w - amulet of guardian spirit
HPRegen  0.27/turn              (no ring)
MPRegen  0.12/turn              (no ring)

@: about to teleport
A: retaliatory headbutt, horns 2
a: Heroism, Finesse, Renounce Religion


You were on level 2 of the Abyss.
You worshipped Okawaru.
Okawaru was extremely pleased with you.
You visited 1 branch of the dungeon, and saw 10 of its levels.
You visited the Abyss 1 time.

You collected 553 gold pieces.

Inventory:

Hand Weapons
 a - a +0 war axe
 s - a +1 vorpal war axe
 D - a +2 battleaxe of electrocution (weapon)
Armour
 b - a +0 scale mail
 c - a +0 kite shield
 h - a +2 pair of boots (worn)
 k - a +0 pair of boots
 l - a +3 scale mail of magic resistance (worn)
 u - a +0 cloak
 x - a scarf of harm
 y - the +1 leather armour of Disaster {Str+2}
   (You found it on level 5 of the Dungeon)

   It affects your strength (+2).
Jewellery
 w - an amulet of guardian spirit (around neck)
 z - an uncursed ring of teleportation
Wands
 e - a wand of iceblast (16)
 g - a wand of disintegration (11)
 r - a wand of polymorph (8)
 E - a wand of flame (64)
Scrolls
 f - 4 scrolls of teleportation
 i - 2 scrolls of enchant weapon
 o - a scroll of remove curse
 p - 2 scrolls of amnesia
 q - a scroll of enchant armour
 B - 6 scrolls of identify
 G - 2 scrolls of fear
Potions
 d - a potion of might
 j - a potion of haste
 m - 2 potions of flight
 n - a potion of brilliance
Miscellaneous
 t - a condenser vane (2/2)


   Skills:
 + Level 12.3 Fighting
 * Level 16.1 Axes
 + Level 4.7 Armour
 + Level 2.3 Dodging
 + Level 4.6 Shields


You had 10 spell levels left.
You didn't know any spells.
Your spell library contained the following spells:

 Spells                   Type           Power        Failure   Level
 Magic Dart               Conj           #...         77%         1
 Searing Ray              Conj           #.....       88%         2
 Dazzling Flash           Conj/Hex       #.....       98%         3
 Fulminant Prism          Conj/Hex       #.........   100%        4
 Iskenderun's Mystic Bla  Conj/Tloc      #.......     100%        4


Dungeon Overview and Level Annotations

Branches:
Dungeon (10/15)            Temple (0/1) D:6            Lair (0/6) D:9
    Orc: D:9-12

Altars:
Ashenzari
Elyvilon
Gozag
Kikubaaqudgha
Nemelex Xobeh
Okawaru
Ru
Xom

Portals:
Abyss: D:9

Annotations:
D:7 3 runed translucent doors, kmckee's ghost, novice HOFi
D:9 2 transporters, Prince Ribbit; runemasterragnar's ghost, novice OpFi
D:10 Sonja


Innate Abilities, Weirdness & Mutations

You reflexively headbutt those who attack you in melee.
You have a pair of horns on your head.


Message History

You start resting.
A tentacled starspawn is nearby!
A tentacled starspawn is nearby!
Tentacles burst from the starspawn's body! 2 starspawn tentacles come into view.
A large abomination comes into view.
Tentacles burst from the starspawn's body! 2 starspawn tentacles come into view.
A small abomination comes into view.
Okay, then.
As you read the scroll of teleportation, it crumbles to dust.
You feel strangely unstable.
You feel the power of the Abyss delaying your translocation!
The large abomination hits you! The large abomination hits you!!
* * * LOW HITPOINT WARNING * * *
A tentacle flies out from the starspawn's body!
A starspawn tentacle comes into view.
The large abomination hits you!!
You die...

.......#..x....# .
........##.....#..
.....##..w#..#.##
......##X .#.#.. #
#.§.##.. ..#..
##..##....X..
#.###.## ..#
#.#####X# # ## ..
#.§...@##. .##.#
#.##....## .....
#.###.# . .... ..
... ##.##. #. ...
. #...# #...#
..#.#


You could see a tentacled starspawn and a large abomination.

Vanquished Creatures
  Harold (D:9)
  Erolcha (D:9)
  2 two-headed ogres
  A worldbinder (Abyss:2)
  Maggie (D:10)
  A troll (D:10)
  Grinder (D:5)
  Sigmund (D:2)
  An air elemental (Abyss:2)
  4 yaks (D:9)
  A vampire (D:9)
  A water moccasin (D:10)
  Duvessa (D:7)
  A black bear (D:8)
  3 ice beasts
  A necrophage (D:8)
  4 orc warriors
  4 phantoms
  2 sky beasts
  5 ogres
  5 centaurs
  6 big kobolds
  Blork the orc (D:6)
  6 bullfrogs
  Dowan (D:7)
  7 killer bees
  3 scorpions
  5 wights (D:7)
  4 howler monkeys
  2 hounds
  4 jellies
  Crazy Yiuf (D:6)
  5 orc priests
  13 orc wizards
  Jessica (D:3)
  4 iguanas
  13 worker ants
  A hound zombie (D:5)
  2 hound skeletons
  A worker ant zombie (D:6)
  A howler monkey skeleton (D:7)
  8 gnolls (D:8)
  11 adders
  3 shadow imps (D:8)
  2 white imps
  2 oozes
  5 worms
  A dart slug (D:2)
  5 leopard geckos
  31 orcs
  5 giant cockroaches
  5 goblins
  4 hobgoblins
  3 jackals
  31 kobolds
  3 quokkas
  2 ball pythons
  5 bats
  2 frilled lizards
  A quokka zombie (D:4)
  9 rats
261 creatures vanquished.

Vanquished Creatures (others)
  A fungus (D:7)
  A plant (D:7)
  9 starspawn tentacles (Abyss:2)
11 creatures vanquished.

Grand Total: 272 creatures vanquished

Notes
Turn   | Place    | Note
-------+----------+-------------------------------------------
     0 | D:1      | corevian the Minotaur Fighter began the quest for the Orb.
     0 | D:1      | Reached XP level 1. HP: 19/19 MP: 0/0
   487 | D:1      | Reached XP level 2. HP: 27/27 MP: 1/1
   771 | D:2      | Reached skill level 3 in Axes
   820 | D:2      | Noticed Sigmund
   829 | D:2      | Killed Sigmund
   829 | D:2      | Reached skill level 5 in Fighting
   829 | D:2      | Reached skill level 5 in Axes
   829 | D:2      | Reached XP level 3. HP: 16/36 MP: 2/2
   829 | D:2      | Reached XP level 4. HP: 19/42 MP: 3/3
   829 | D:2      | Reached XP level 5. HP: 22/48 MP: 4/4
  1689 | D:2      | Found an ancient bone altar of Kikubaaqudgha.
  1697 | D:2      | Reached skill level 6 in Axes
  2015 | D:3      | Noticed Jessica
  2023 | D:3      | Killed Jessica
  2109 | D:3      | Reached XP level 6. HP: 56/56 MP: 5/5
  2869 | D:4      | Reached skill level 7 in Axes
  3143 | D:4      | Found a sacrificial altar of Ru.
  3144 | D:4      | Found an iron altar of Okawaru.
  3145 | D:4      | Found a broken altar of Ashenzari.
  3152 | D:4      | Became a worshipper of Warmaster Okawaru
  3381 | D:4      | Reached XP level 7. HP: 51/63 MP: 6/6
  3720 | D:4      | Reached skill level 8 in Axes
  3862 | D:5      | Entered Level 5 of the Dungeon
  3908 | D:5      | Noticed Grinder
  3929 | D:5      | Killed Grinder
  4088 | D:5      | Reached * piety under Okawaru
  4088 | D:5      | Reached skill level 9 in Axes
  4109 | D:5      | Got a polished leather armour
  4120 | D:5      | Identified the +1 leather armour of Disaster {Str+2} (You
                  | found it on level 5 of the Dungeon)
  4388 | D:5      | Reached XP level 8. HP: 57/73 MP: 7/7
  4635 | D:5      | Found a white marble altar of Elyvilon.
  5222 | D:6      | Reached skill level 10 in Axes
  5231 | D:6      | Found a staircase to the Ecumenical Temple.
  5284 | D:6      | Noticed Blork the orc
  5293 | D:6      | Killed Blork the orc
  5716 | D:6      | Found a runed translucent door.
  5727 | D:6      | Noticed Crazy Yiuf
  5733 | D:6      | Killed Crazy Yiuf
  5988 | D:7      | Reached skill level 11 in Axes
  6042 | D:7      | Reached ** piety under Okawaru
  6297 | D:7      | Reached XP level 9. HP: 72/82 MP: 8/8
  6453 | D:7      | Found a shimmering altar of Xom.
  6825 | D:7      | Reached skill level 12 in Axes
  7040 | D:7      | Noticed Duvessa
  7040 | D:7      | Noticed Dowan
  7044 | D:7      | Killed Duvessa
  7050 | D:7      | Killed Dowan
  7050 | D:7      | Reached *** piety under Okawaru
  7181 | D:7      | Found a runed translucent gate.
  7181 | D:7      | Found a runed translucent gate.
  7181 | D:7      | Found a runed translucent gate.
  7182 | D:7      | Noticed a kobold demonologist
  7182 | D:7      | Noticed kmckee's ghost (novice HOFi)
  7357 | D:8      | Reached skill level 10 in Fighting
  7453 | D:8      | Found an opulent altar of Gozag.
  7483 | D:8      | Reached skill level 13 in Axes
  7579 | D:8      | Noticed a two-headed ogre
  7585 | D:8      | Killed a two-headed ogre
  7585 | D:8      | Reached XP level 10. HP: 61/94 MP: 6/9
  7770 | D:8      | Reached **** piety under Okawaru
  8313 | D:8      | Reached skill level 14 in Axes
  9244 | D:9      | Noticed Erolcha
  9254 | D:9      | Killed Erolcha
  9369 | D:9      | Found a transporter.
  9371 | D:9      | Noticed a toenail golem
  9372 | D:9      | Found a one-way gate to the infinite horrors of the Abyss.
  9375 | D:9      | Found a transporter.
  9377 | D:9      | Noticed a wizard
  9380 | D:9      | Noticed runemasterragnar's ghost (novice OpFi)
  9381 | D:9      | Noticed a cyan very ugly thing
  9381 | D:9      | Noticed a hell hog
  9499 | D:9      | Reached ***** piety under Okawaru
  9499 | D:9      | Reached skill level 15 in Axes
  9647 | D:9      | Noticed Harold
  9655 | D:9      | Killed Harold
  9655 | D:9      | Received a gift from Okawaru
  9947 | D:9      | Reached XP level 11. HP: 86/104 MP: 8/10
 10536 | D:9      | Found a sparkling altar of Nemelex Xobeh.
 10596 | D:9      | Noticed a two-headed ogre
 10601 | D:9      | Killed a two-headed ogre
 10601 | D:9      | Reached skill level 1 in Dodging
 10676 | D:9      | Found a staircase to the Lair.
 10823 | D:9      | Found a sparkling altar of Nemelex Xobeh.
 10825 | D:9      | Noticed Prince Ribbit
 10919 | D:10     | Entered Level 10 of the Dungeon
 11290 | D:10     | Noticed Maggie
 11300 | D:10     | Killed Maggie
 11300 | D:10     | Reached skill level 16 in Axes
 11510 | D:10     | Noticed Sonja
 11519 | D:10     | Cast into level 2 of the Abyss (Sonja)
 11554 | Abyss:2  | Noticed a necromancer
 11640 | Abyss:2  | Found a corrupted altar of Lugonu.
 11641 | Abyss:2  | Noticed a tentacled starspawn
 11670 | Abyss:2  | Noticed a large abomination
 11691 | Abyss:2  | Mangled by a large abomination

Illustrated notes

Levels and vault maps discovered:
D:1:      dpeg_arrival_central, layout_basic
D:2:      layout_basic, lemuel_coloured_pillars_altar, uniq_sigmund
D:3:      layout_loops_ring, uniq_jessica
D:4:      layout_basic, chequers_temple_overflow_statue_of_worship
D:5:      layout_loops_ring, elyvilon_altar_3, uniq_grinder
D:6:      layout_basic, minmay_temple_entry_grid,
          hangedman_decor_diamond_cutter, uniq_crazy_yiuf_cottage,
          uniq_blork_the_orc
D:7:      layout_loops_cross, tgw_xom, gammafunk_ghost_nasty_kobolds,
          uniq_duvessa
D:8:      cheibrodos_barr_body, layout_loops_ring, grunt_gozag_statues
D:9:      layout_rooms, nicolae_overflow_hidden_temple, lair_entry_dummy,
          gammafunk_ghost_abyssal_escape, nemelex_dance_club_becter,
          uniq_prince_ribbit1, uniq_erolcha, uniq_harold
D:10:     layout_basic, uniq_maggie, uniq_sonja
Abyss:2:  base: D:10, hangedman_cross_veins, hangedman_decor_lopped

Skill      XL: |  1  2  3  4  5  6  7  8  9 10 11 |
---------------+----------------------------------+-----
Axes           | 5 6 7 9 11 13 15 16 | 16.1
Fighting       | 5 6 7 8 10 12 | 12.3
Armour         | 4 |  4.7
Dodging        | 2 |  2.3
Shields        | 4 |  4.6

Action                   |  1- 3 |  4- 6 |  7- 9 | 10-12 || total
-------------------------+-------+-------+-------+-------++-------
Melee: War axe           |    38 |   104 |    77 |       ||   219
       Headbutt          |     6 |    10 |    32 |    29 ||    77
       Battleaxe         |       |       |   140 |   219 ||   359
Invok: Heroism           |       |       |       |     8 ||     8
       Finesse           |       |       |       |     2 ||     2
  Use: Potion            |       |     4 |       |     7 ||    11
       Scroll            |       |       |     9 |    10 ||    19
Armor: Scale mail        |    20 |    18 |    87 |    99 ||   224
       Skin              |       |       |       |    13 ||    13
Dodge: Dodged            |    11 |    25 |    81 |   111 ||   228
Block: Kite shield       |    15 |    55 |    28 |       ||    98

Table legend: (Time is in decaauts)
 A = Elapsed time spent in this place.
 B = Non-inter-level travel time spent in this place.
 C = Inter-level travel time spent in this place.
 D = Time resting spent in this place.
 E = Time spent auto-exploring this place.
 F = Levels seen in this place.
 G = Mean time per level.
                   A        B        C        D        E       F      G
               +--------+--------+--------+--------+--------+-----+--------+
         Total |  11760 |  11148 |    612 |   1661 |   7922 |  11 | 1069.1 |
       Dungeon |  11571 |  10959 |    612 |   1568 |   7922 |  10 | 1157.1 |
         Abyss |    188 |    188 |      0 |     93 |      0 |   1 |  188.0 |
               +--------+--------+--------+--------+--------+-----+--------+

Top non-repeatable levels by time:
     D:8: 1858 daAuts
     D:9: 1832 daAuts
     D:7: 1279 daAuts
     D:2: 1274 daAuts
     D:4: 1192 daAuts
     D:6: 1096 daAuts
     D:5: 1006 daAuts
     D:3: 725 daAuts
     D:1: 716 daAuts
    D:10: 590 daAuts
 Abyss:2: 188 daAuts
